 Dungeon Crawl Stone Soup version 0.21.1-1-g345015f (console) character file.

48 fly the Grave Robber (level 3, -3/28 HPs)
             Began as a Deep Dwarf Necromancer on May 12, 2018.
             Slain by Sigmund
             ... wielding a cursed -3 scythe
              (8 damage)
             ... on level 2 of the Dungeon.
             The game lasted 00:02:17 (1281 turns).

fly the Grave Robber (Deep Dwarf Necromancer)       Turns: 1281, Time: 00:02:17

Health: -3/28      AC:  2    Str: 11    XL:     3   Next: 50%
Magic:  7/7        EV: 12    Int: 16    God:
Gold:   91         SH:  0    Dex: 13    Spells: 3/7 levels left

rFire    . . .     SeeInvis .   (no weapon)
rCold    . . .     Gourm    .   (no shield)
rNeg     . . .     Faith    .   y - +0 robe
rPois    .         Spirit   .   (no helmet)
rElec    .         Reflect  .   (no cloak)
rCorr    .         Harm     .   (no gloves)
MR       .....                  (no boots)
Stlth    +.........             (no amulet)
HPRegen  0.00/turn              (no ring)
MPRegen  0.10/turn              (no ring)

@: confused, non-regenerating
A: damage resistance, heal wounds, sense surroundings 1, no regeneration
a: Heal Wounds


You were on level 2 of the Dungeon.
You were near starving.

You visited 1 branch of the dungeon, and saw 2 of its levels.

You collected 91 gold pieces.

Inventory:

Armour
 y - a +0 robe (worn)
Wands
 l - a wand of flame (33)
Scrolls
 d - a scroll of magic mapping {unknown}
 e - 2 scrolls of fog {unknown}
 f - a scroll of noise {unknown}
 g - 2 scrolls of identify {unknown}
 i - a scroll of teleportation {unknown}
Potions
 a - 2 potions of curing {unknown}
 h - a potion of invisibility {unknown}
 j - 2 potions of agility {unknown}
 k - a potion of lignification {unknown}
Books
 b - a book of Necromancy

   Spells                             Type                      Level
   a - Pain                           Necromancy                   1
   b - Animate Skeleton               Necromancy                   1
   c - Vampiric Draining              Necromancy                   3
   d - Regeneration                   Charms/Necromancy            3
   e - Animate Dead                   Necromancy                   4
   f - Borgnjor's Vile Clutch         Necromancy/Earth             5
Comestibles
 c - 2 rations


   Skills:
 * Level 2.1 Dodging
 - Level 2.4 Stealth
 + Level 2.9 Spellcasting
 * Level 4.9 Necromancy


You had 3 spell levels left.
You knew the following spells:

 Your Spells              Type           Power        Failure   Level  Hunger
v - Vampiric Draining     Necr           ###.......   8%          3    ###....
z - Pain                  Necr           ###.         2%          1    #......


Dungeon Overview and Level Annotations

Branches:
Dungeon (2/15)

Altars:

Annotations:
D:2 Sigmund


Innate Abilities, Weirdness & Mutations

You are resistant to damage.
You can heal yourself by infusing magical energy.
You passively map a small area around you.
You do not regenerate.


Message History

Magic restored.
c - 2 rations (gained 1)
You see here 14 stones.
Sigmund the Dreaded comes into view.
He is wielding an enchanted scythe.
Sigmund screams, "You will never...
NEVER!!!"
Unknown command.
Sigmund gestures wildly while chanting.
Sigmund flickers and vanishes!
Deactivating autopickup; reactivate with Ctrl-A.
Okay, then.
You hear some strange, mumbled words.
You are confused.
You're too confused to cast spells.
Unknown command.
Something hits you.
You're too confused to move!
Something hits you!
* * * LOW HITPOINT WARNING * * *
You miss something. Something hits you!
You die...

#>.........#.....## #.#
#.......##.#..... #.#
#.###.#.# #..... #.#
#####.##....# ###### #.#
####.....##..#.# ..
#....##..##..#.##.# ** #
* , #.##..............#,
...
#.##.#.#.##.#######.....
*
#.##.....#.#...@{.......
#.##.#.#.##.######......
#.##.(...#### .....
#.#..##### .... * #.#.##
* ... #...# ## #####


There were no monsters in sight!

Vanquished Creatures
  An adder (D:2)
  An ooze (D:1)
  A worm (D:2)
  2 leopard geckos (D:1)
  A ball python (D:1)
  A giant cockroach (D:2)
  5 goblins
  4 hobgoblins (D:1)
  3 jackals (D:1)
  A bat (D:1)
  2 frilled lizards (D:1)
  2 kobolds (D:2)
  3 rats (D:1)
27 creatures vanquished.

Notes
Turn   | Place    | Note
-------+----------+-------------------------------------------
     0 | D:1      | fly the Deep Dwarf Necromancer began the quest for the Orb.
     0 | D:1      | Reached XP level 1. HP: 15/15 MP: 3/3
   136 | D:1      | Reached XP level 2. HP: 11/22 MP: 0/5
   938 | D:2      | Reached XP level 3. HP: 13/28 MP: 5/7
   951 | D:2      | Learned a level 3 spell: Vampiric Draining
  1271 | D:2      | Noticed Sigmund
  1281 | D:2      | Slain by Sigmund

Skill      XL: |  1 |
---------------+----+-----
Spellcasting   | 2 |  2.9
Dodging        | |  2.1
Stealth        | |  2.4
Necromancy     | |  4.9

Action                   || total
-------------------------++-------
Melee: Unarmed           ||    25
 Cast: Pain              ||    54
Armor: Robe              ||     8
Dodge: Dodged            ||    22
